 Dungeon Crawl Stone Soup version 0.21-a0-251-g5e8393f (webtiles) character file.

5413 KristoblXynda the Grappler (level 10, 0/91 HPs)
             Began as a Troll Warper on Sept 5, 2017.
             Was a Priest of Cheibriados.
             Succumbed to a soldier ant's poison
             ... on level 9 of the Dungeon.
             The game lasted 00:20:33 (8002 turns).

KristoblXynda the Grappler (Troll Warper)           Turns: 8002, Time: 00:20:33

Health: 0/91       AC:  6    Str: 34    XL:     10   Next: 40%
Magic:  13/13      EV: 13    Int: 22    God:    Cheibriados [***...]
Gold:   251        SH:  0    Dex: 15    Spells: 13/15 levels left

rFire    + . .     SeeInvis .     - Unarmed
rCold    . . .     Gourm    +   (no shield)
rNeg     . . .     Faith    .   t - +0 robe {MR+}
rPois    .         Spirit   .   (helmet restricted)
rElec    .         Reflect  .   n - +0 cloak
rCorr    .         Harm     .   (gloves unavailable)
MR       +....                  (boots unavailable)
Stlth    +.........             (no amulet)
HPRegen  0.65/turn              k - +2 ring of intelligence
MPRegen  0.13/turn              (no ring)

@: mighty, lethally poisoned (0 -> -29), hasted, quick
A: unfitting armour, claws 3, clumsy 1, deterioration 1, fire resistance 1, fast
metabolism 3, gourmand, regeneration 1, shaggy fur 1, tough skin 2
a: Bend Time, Temporal Distortion, Renounce Religion


You were on level 9 of the Dungeon.
You worshipped Cheibriados.
Cheibriados was most pleased with you.
You were completely stuffed.

You visited 2 branches of the dungeon, and saw 10 of its levels.
You also visited: Sewer.

You collected 251 gold pieces.

Inventory:

Hand Weapons
 u - a +0 whip of flaming
Missiles
 s - a throwing net (quivered)
Armour
 n - a +0 cloak (worn)
 t - a +0 robe of magic resistance (worn)
Jewellery
 k - a +2 ring of intelligence (left claw)
Wands
 r - a wand of iceblast (6/15)
Scrolls
 c - a scroll of blinking
 e - 4 scrolls of teleportation
 j - a scroll of amnesia
 v - 3 scrolls of remove curse
Potions
 a - 2 potions of berserk rage
 o - a potion of flight
 p - a potion of invisibility
Books
 b - a book of Spatial Translocations

   Spells                             Type                      Level
   a - Blink                          Translocation                2
   b - Shroud of Golubria             Charms/Translocation         2
   c - Lesser Beckoning               Translocation                3
   d - Gell's Gravitas                Translocation                3
   e - Teleport Other                 Translocation                3
   f - Passage of Golubria            Translocation                4
 q - a book of Necromancy

   Spells                             Type                      Level
   a - Pain                           Necromancy                   1
   b - Animate Skeleton               Necromancy                   1
   c - Vampiric Draining              Necromancy                   3
   d - Regeneration                   Charms/Necromancy            3
   e - Animate Dead                   Necromancy                   4
   f - Control Undead                 Necromancy                   4
Comestibles
 d - a chunk of flesh
 f - 10 bread rations
 g - 5 fruits
 i - 5 meat rations
 w - 5 royal jellies


   Skills:
 + Level 3.1 Fighting
 - Level 4.0 Throwing
 - Level 6.1 Dodging
 + Level 9.2 Unarmed Combat
 - Level 3.0 Spellcasting
 - Level 5.4 Translocations
 + Level 3.9 Invocations


You had 13 spell levels left.
You knew the following spells:

 Your Spells              Type           Power        Failure   Level  Hunger
a - Blink                 Tloc           N/A          1%          2    ##.....


Dungeon Overview and Level Annotations

Branches:
Dungeon (9/15)             Temple (1/1) D:4
   Lair: D:8-11         Orc: D:9-12

Altars:
Ashenzari
Cheibriados
Dithmenos
Elyvilon
Fedhas
Gozag
Hepliaklqana
Kikubaaqudgha
Makhleb
Nemelex Xobeh
Okawaru
Qazlal
Ru
Sif Muna
Trog
Uskayaw
Vehumet
Wu Jian
Xom
Yredelemnul
Zin
The Shining One

Shops:
D:4 %   D:7 *


Innate Abilities, Weirdness & Mutations

You are too large for most types of armour.
You have claws for hands.
Your metabolism is lightning-fast.
You like to eat raw meat.
Your natural rate of healing is unusually fast.
You are covered in fur. (AC +1)
You have very tough skin. (AC +2)
You are clumsy. (Dex -2)
Your body sometimes deteriorates upon taking damage.
Your flesh is heat resistant. (rF+)


Message History

You kill the soldier ant!
Cheibriados appreciates the change of pace.
Your Fighting skill increases to level 3!
* * * LOW HITPOINT WARNING * * *
You feel sick.
You closely miss the soldier ant.
The soldier ant is severely wounded.
* * * LOW HITPOINT WARNING * * *
You feel sick. The soldier ant stings you.
* * * LOW HITPOINT WARNING * * *
You are more poisoned.
The soldier ant poisons you!
You mangle the soldier ant!!
You kill the soldier ant!
Cheibriados appreciates the change of pace.
* * * LOW HITPOINT WARNING * * *
You feel sick.
There is a lethal amount of poison in your body!
There is a lethal amount of poison in your body!
You die...

.. ... ..........# #.....
#..........### ##.....
#..(...........
#.....######...............
##.........................
..#.........@.# #...........
##..........### ###........##
.......†...######..........##
##.....)[..........##...
##.)............#####..
#...#######..>## #.. #...#
#...# #.. ###...# ##..## #..
..##.....# #...# #...


There were no monsters in sight!

Vanquished Creatures
  A two-headed ogre (D:8)
  The ghost of roguesci the Skirmisher, a novice DsSk of Kikubaaqudgha (D:7)
  Pikel (D:5)
  Grinder (D:5)
  A hippogriff (D:7)
  The ghost of KristoblXynda the Digger, an amateur TrEE of Cheibriados (D:4)
  A human (D:7)
  A yak (D:7)
  3 hogs (D:7)
  3 soldier ants (D:9)
  A water moccasin (D:7)
  Purgy (Sewer)
  3 slaves (D:5)
  A phantom (D:7)
  A centaur (D:8)
  6 ogres
  2 bullfrogs
  A gnoll sergeant (D:8)
  A water moccasin skeleton (D:4)
  2 scorpions
  3 killer bees (D:8)
  3 centaur zombies
  A bullfrog zombie (D:8)
  A quasit (D:5)
  4 hounds
  Crazy Yiuf (D:2)
  2 bullfrog skeletons
  8 worker ants
  A howler monkey skeleton (D:7)
  A worker ant zombie (D:4)
  5 gnolls (D:8)
  7 adders
  A river rat (D:3)
  5 shadow imps
  An ooze (D:3)
  2 adder zombies
  3 adder skeletons (D:4)
  3 worms
  A dart slug (D:3)
  A leopard gecko (D:6)
  13 orcs
  3 giant cockroaches
  6 goblins
  3 hobgoblins
  12 jackals
  11 kobolds
  3 quokkas
  3 ball pythons
  A ball python skeleton (D:4)
  6 bats
  2 frilled lizards
  A jackal skeleton (D:4)
  2 jackal zombies (D:4)
  A leopard gecko zombie (D:4)
  2 quokka skeletons
  A quokka zombie (D:4)
  7 rats
  A fungus (D:2)
165 creatures vanquished.

Vanquished Creatures (others)
  Sigmund (D:5)
1 creature vanquished.

Grand Total: 166 creatures vanquished

Notes
Turn   | Place    | Note
-------+----------+-------------------------------------------
     0 | D:1      | KristoblXynda the Troll Warper began the quest for the Orb.
     0 | D:1      | Reached XP level 1. HP: 19/19 MP: 1/1
   113 | D:1      | Reached skill level 1 in Throwing
   285 | D:1      | Reached XP level 2. HP: 27/27 MP: 3/3
   732 | D:2      | Learned a level 2 spell: Blink
  1072 | D:2      | Reached XP level 3. HP: 32/33 MP: 4/4
  1229 | D:2      | Found a runed door.
  1233 | D:2      | Noticed Crazy Yiuf
  1240 | D:2      | Killed Crazy Yiuf
  1488 | D:2      | Reached XP level 4. HP: 38/41 MP: 6/6
  1600 | D:3      | Found a white marble altar of Elyvilon.
  1601 | D:3      | Found an opulent altar of Gozag.
  1603 | D:3      | Found a bloodstained altar of Trog.
  1680 | D:3      | Reached skill level 3 in Unarmed Combat
  1713 | D:3      | Found a shadowy altar of Dithmenos.
  1956 | D:3      | Found a glowing drain.
  1995 | Sewer    | Entered a sewer
  2153 | Sewer    | Noticed Purgy
  2167 | Sewer    | Killed Purgy
  2167 | Sewer    | Reached XP level 5. HP: 32/48 MP: 7/7
  2435 | D:4      | Noticed KristoblXynda's ghost (amateur TrEE)
  2483 | D:4      | Killed KristoblXynda's ghost
  2483 | D:4      | Reached skill level 4 in Unarmed Combat
  2483 | D:4      | Reached XP level 6. HP: 5/55 MP: 7/9
  2604 | D:4      | Gained mutation: Your body sometimes deteriorates upon taking damage. [potion of mutation]
  2604 | D:4      | Gained mutation: You are clumsy. (Dex -2) [potion of mutation]
  2604 | D:4      | Gained mutation: Your flesh is heat resistant. (rF+) [potion of mutation]
  2802 | D:4      | Found a staircase to the Ecumenical Temple.
  2820 | Temple   | Entered the Ecumenical Temple
  2967 | Temple   | Became a worshipper of Cheibriados the Contemplative
  3077 | D:4      | Reached XP level 7. HP: 55/62 MP: 10/10
  3224 | D:4      | Found Peacimes's Food Boutique.
  3315 | D:5      | Entered Level 5 of the Dungeon
  3710 | D:5      | Reached skill level 5 in Unarmed Combat
  3756 | D:5      | Noticed Grinder
  3756 | D:5      | Paralysed by Grinder for 2 turns
  3772 | D:5      | Paralysed by Grinder for 4 turns
  3783 | D:5      | Killed Grinder
  3892 | D:5      | Reached * piety under Cheibriados
  4044 | D:5      | Found a burning altar of Makhleb.
  4089 | D:5      | Noticed Pikel
  4196 | D:5      | Reached XP level 8. HP: 32/70 MP: 11/11
  4342 | D:5      | Found an ornate altar of the Wu Jian Council.
  4342 | D:5      | Found a glowing golden altar of the Shining One.
  4343 | D:5      | Found a sacrificial altar of Ru.
  4446 | D:5      | Killed Pikel
  4446 | D:5      | Reached skill level 6 in Unarmed Combat
  4536 | D:5      | Killed Sigmund
  5176 | D:6      | Reached XP level 9. HP: 33/76 MP: 12/12
  5804 | D:7      | Found Oreodip's Serpentskin Sales.
  5807 | D:7      | Reached skill level 7 in Unarmed Combat
  5812 | D:7      | Reached ** piety under Cheibriados
  5843 | D:7      | Noticed roguesci's ghost (novice DsSk)
  6154 | D:7      | Reached skill level 5 in Dodging
  6466 | D:7      | Reached skill level 5 in Translocations
  6507 | D:7      | Killed roguesci's ghost
  6932 | D:7      | Reached skill level 8 in Unarmed Combat
  6935 | D:7      | Reached skill level 1 in Invocations
  7358 | D:8      | Reached XP level 10. HP: 75/85 MP: 13/13
  7388 | D:8      | Reached *** piety under Cheibriados
  7479 | D:8      | Noticed a two-headed ogre
  7497 | D:8      | Killed a two-headed ogre
  7830 | D:8      | Reached skill level 9 in Unarmed Combat
  8000 | D:9      | HP: 2/91 [soldier ant (6)]
  8002 | D:9      | Succumbed to a soldier ant's poison

Vault maps used:
D:1:      roderic_crossed_star
D:2:      hex_tiny, uniq_crazy_yiuf_cottage
D:3:      cheibrodos_old_hovel, old_standard_altar, grunt_temple_overflow_open,
          portal_sewer_entry_b
D:4:      temple_green, serial_undead, serial_undead_a, serial_undead_d,
          serial_undead_d, serial_undead_b, serial_shops, kennysheep_little_box
D:5:      gammafunk_temple_overflow_claw, basic_altar, first_bread,
          uniq_sigmund, uniq_grinder, uniq_pikel
D:7:      minmay_misc_feat_roman, grunt_livestock, guppyfry_shop_venom
D:9:      minivault_29, uniq_joseph, uniq_erica
Temple:   regret_index_temple_waves
Sewer:    sewer_the_crocodile

Skill      XL: |  1  2  3  4  5  6  7  8  9 10 |
---------------+-------------------------------+-----
Throwing       | 1 2 3 4 |  4.0
Spellcasting   | 2 3 |  3.0
Unarmed Combat | 3 4 5 6 8 9 |  9.2
Dodging        | 3 4 6 |  6.1
Translocations | 3 4 5 |  5.4
Invocations    | 2 3 |  3.9
Fighting       | 3 |  3.1

Action                   |  1- 3 |  4- 6 |  7- 9 | 10-12 || total
-------------------------+-------+-------+-------+-------++-------
Melee: Unarmed           |    90 |   171 |   294 |    84 ||   639
       Punch             |       |     2 |    12 |     2 ||    16
Throw: Tomahawk          |       |     2 |       |     3 ||     5
 Cast: Blink             |       |       |     1 |     7 ||     8
  Use: Scroll            |       |    11 |     5 |     1 ||    17
       Potion            |       |     6 |     2 |     3 ||    11
 Stab: Sleeping          |     2 |       |       |     1 ||     3
       Invisible         |       |       |     3 |       ||     3
  Eat: Chunk             |    12 |    16 |    33 |     4 ||    65
Armor: Robe              |    28 |    52 |    81 |    23 ||   184
Dodge: Dodged            |    38 |    90 |    97 |    90 ||   315

Table legend:
 A = Spawn XP
 B = Non-spawn XP
 C = Spawn XP percentage of total XP
 D = Spawn monster count
 E = Non-spawn monster count
 F = Spawn count percentage of total count
 G = Total turns spent on level
                    A         B        C        D         E        F      G
               +---------+---------+-------+---------+---------+-------+---------
         Total |     856 |    6877 |  11.1 |      31 |     130 |  19.3 |  8002
               +---------+---------+-------+---------+---------+-------+---------
           D:1 |       2 |      19 |   9.5 |       2 |      12 |  14.3 |   694
           D:2 |       3 |      76 |   3.8 |       2 |      11 |  15.4 |   887
           D:3 |       1 |      66 |   1.5 |       1 |      19 |   5.0 |   610
           D:4 |       1 |     540 |   0.2 |       1 |      22 |   4.3 |   700
           D:5 |     163 |    1396 |  10.5 |       7 |      13 |  35.0 |  1368
           D:6 |      15 |     486 |   3.0 |       5 |       9 |  35.7 |  1094
           D:7 |     302 |    2203 |  12.1 |       4 |      17 |  19.0 |  1697
           D:8 |     369 |    1417 |  20.7 |       9 |      15 |  37.5 |   460
           D:9 |       0 |     532 |   0.0 |       0 |       6 |   0.0 |    68
         Sewer |       0 |     142 |   0.0 |       0 |       6 |   0.0 |   238
               +---------+---------+-------+---------+---------+-------+---------
